 Dungeon Crawl Stone Soup version 0.30-a0-263-ge22c4ad894 (console) character file.

Game seed: 15150814126922230533

17493 jejorda2 the Phalangite (level 12, -3/139 HPs)
             Began as a Merfolk Berserker on Oct 13, 2022.
             Was a High Priest of Trog.
             Slain by a troll (9 damage)
             ... on level 11 of the Dungeon.
             The game lasted 00:24:41 (10793 turns).

jejorda2 the Phalangite (Merfolk Berserker)        Turns: 10793, Time: 00:24:41

Health: -3/139     AC: 22    Str: 22    XL:     12   Next: 48%
Magic:  12/12      EV: 10    Int:  6    God:    Trog [*****.]
Gold:   323        SH:  0    Dex: 16    Spells: 11/11 levels left

rFire   x . .      SeeInvis +    w - +4 bardiche {freeze, rElec rPois rF- Dex+2}
rCold   . . .      Faith    +    (shield currently unavailable)
rNeg    . . .      Spirit   .    H - +7 chain mail of Greater Demons {rPois}
rPois   +          Reflect  .    I - +2 helmet
rElec   +          Harm     .    (no cloak)
rCorr   .          Rampage  .    g - +0 pair of gloves
Will    .....                    p - +0 pair of boots
Stlth   ..........               i - amulet of faith
HPRegen 0.43/turn                B - ring of see invisible
MPRegen 0.13/turn                (no ring)

@: berserking, lethally poisoned (-3 -> -11), very quick
A: (nimble swimmer 2), mertail
a: Renounce Religion, Berserk, Trog's Hand, Brothers in Arms


You were on level 11 of the Dungeon.
You worshipped Trog.
Trog was extremely pleased with you.
You visited 1 branch of the dungeon, and saw 11 of its levels.

You collected 675 gold pieces.
You spent 352 gold pieces at shops.

Inventory:

Hand Weapons
 a - a +2 vorpal glaive
 b - a +4 halberd of flaming
 w - the +4 bardiche of Ulyh (weapon) {freeze, rElec rPois rF- Dex+2}
   (You acquired it on level 6 of the Dungeon)

   It freezes those it strikes, dealing additional cold damage.
   It can also slow down cold-blooded creatures.
   Dex:       It affects your dexterity (+2).
   rF:        It makes you vulnerable to fire.
   rElec:     It insulates you from electricity.
   rPois:     It protects you from poison.
Missiles
 e - 3 javelins
 h - 2 throwing nets
 m - 104 stones (quivered)
 n - 7 silver javelins
 o - 11 boomerangs
 F - 38 poisoned darts
 J - 2 boomerangs of dispersal
Armour
 g - a +0 pair of gloves (worn)
 p - a +0 pair of boots (worn)
 s - a +0 hat of see invisible
 A - a +2 chain mail of fire resistance
 H - the +7 chain mail of Greater Demons (worn) {rPois}
   (You found it on level 9 of the Dungeon)

   rPois:     It protects you from poison.
 I - a +2 helmet (worn)
Jewellery
 i - an amulet of faith (around neck)
 B - a ring of see invisible (left hand)
 K - a ring of positive energy
Wands
 E - a wand of flame (29)
 G - a wand of paralysis (5)
Scrolls
 f - 3 scrolls of teleportation
 k - 2 scrolls of butterflies
 r - 4 scrolls of silence
 t - 2 scrolls of magic mapping
 v - 4 scrolls of identify
 C - 2 scrolls of enchant weapon
 D - a scroll of blinking
Potions
 c - 6 potions of attraction
 d - 2 potions of lignification
 j - 5 potions of curing
 l - 4 potions of flight
 q - 2 potions of mutation
 u - a potion of ambrosia
 x - 4 potions of might
 y - 2 potions of heal wounds
 z - 2 potions of haste


   Skills:
 * Level 8.2 Fighting
 + Level 21.5 Polearms
 - Level 6.0 Armour
 + Level 5.4 Dodging


You had 11 spell levels left.
You didn't know any spells.
Your spell library was empty.

Dungeon Overview and Level Annotations

Branches:
Dungeon (11/15)            Temple (0/1) D:5            Lair (0/5) D:11
    Orc (0/2) D:9

Altars:
Ashenzari
Cheibriados
Dithmenos
Fedhas
Kikubaaqudgha
Nemelex Xobeh
Qazlal
Ru
Sif Muna
Trog
Uskayaw
Wu Jian
Xom

Shops:
D:6 [   D:8 *   D:9 =

Annotations:
D:7 2 transporters, purpskrrrp's ghost, novice DgCj
D:11 Lodul


Innate Abilities, Weirdness & Mutations

((You are very nimble when in or above water. (Stealth+, EV+, Speed+++)))
Your lower body shifts to a powerful aquatic tail in water.


Message History

You hit the troll but do no damage.
You feel very sick.
A red film seems to cover your vision as you go berserk!
You feel yourself moving faster!
You feel mighty!
You feel very sick.
Lodul the Thundrous comes into view.
He is wielding a +0 dire flail.
The ogre hits you with a +0 giant club! The troll bites you but does no damage.
The troll closely misses you. The troll claws you but does no damage.
You slice the troll!!
The troll is heavily wounded.
You feel sick.
You hear a shout!
The ogre barely misses you. The troll barely misses you.
The troll closely misses you. The troll claws you but does no damage.
An ogre comes into view. It is wielding a +0 giant club.
You dice the ogre like an onion!!!
You kill the ogre!
Trog accepts your kill.
You feel sick.
You hear a shout!
The ogre hits you with a +0 giant club!!
Unknown command.
You feel agile.
The +4 bardiche of Ulyh {freeze, rElec rPois rF- Dex+2} glows with a cold blue light!
w - the +4 bardiche of Ulyh (weapon)
{freeze, rElec rPois rF- Dex+2} You feel sick.
The troll bites you but does no damage. The troll claws you!
* * * LOW HITPOINT WARNING * * *
The troll claws you but does no damage.
You slice Lodul!! You freeze Lodul.
Lodul is moderately wounded.
You feel sick.
You slash Lodul! You freeze Lodul.
Lodul is heavily wounded.
You feel sick. Lodul hits you with a +0 dire flail!
* * * LOW HITPOINT WARNING * * *
The ogre hits you with a +0 giant club!
* * * LOW HITPOINT WARNING * * *
The troll bites you but does no damage. The troll claws you but does no damage.
The troll claws you!
You die...

...
...........#.....P..
#...##....#.##PP...
#...##....#.##.....
#..[##....#.##.....
#.........#........
#.........#........
#.........+........
#..###....#........
#O@# ######........
......OOT†......
........
................
>#######
........).......
#######
################
....... .......
..###.. #.. .###..


You could see Lodul, a troll and 2 ogres.

Vanquished Creatures
  Gastronok (D:8)
  A frost giant (D:9)
  A hydra (D:10)
  An ice dragon (D:9)
  A boulder beetle (D:11)
  A two-headed ogre (D:9)
  Pikel (D:9)
  An ugly thing (D:11)
  A cyclops (D:11)
  An ice statue (D:9)
  Maggie (D:9)
  A hornet (D:9)
  A wraith (D:10)
  20 yaks
  3 wyverns
  3 vampire mosquitoes (D:11)
  2 water moccasins (D:6)
  An acid dragon (D:8)
  9 orc warriors
  24 ice beasts (D:9)
  A sky beast (D:6)
  3 black bears
  3 ogres
  3 centaurs
  2 lemures (D:9)
  A phantom (D:5)
  2 kobold brigands (D:8)
  7 bullfrogs
  A gnoll sergeant (D:4)
  3 scorpions
  14 wights
  6 killer bees
  6 electric eels (D:9)
  2 jellies
  6 hounds
  5 orc priests
  A gnoll bouda (D:7)
  2 iguanas
  6 orc wizards
  16 gnolls
  10 adders
  2 shadow imps (D:7)
  A white imp (D:5)
  2 worms (D:2)
  2 dart slugs
  26 orcs
  4 endoplasms
  6 giant cockroaches
  13 goblins
  6 hobgoblins
  A jackal (D:1)
  18 kobolds
  A quokka (D:3)
  8 ball pythons
  9 bats
  7 frilled lizards
  5 rats
286 creatures vanquished.

Vanquished Creatures (others)
  4 fungi (D:11)
  6 plants (D:11)
10 creatures vanquished.

Grand Total: 296 creatures vanquished

Notes
Turn   | Place    | Note
-------+----------+-------------------------------------------
     0 | D:1      | jejorda2 the Merfolk Berserker began the quest for the Orb.
     0 | D:1      | Reached XP level 1. HP: 18/18 MP: 1/1
    64 | D:1      | Reached XP level 2. HP: 17/24 MP: 2/2
  1004 | D:2      | Reached XP level 3. HP: 29/29 MP: 3/3
  1062 | D:2      | Reached skill level 5 in Polearms
  1081 | D:2      | Reached ** piety under Trog
  1362 | D:2      | Reached XP level 4. HP: 27/37 MP: 4/4
  1690 | D:2      | Found a faded altar of an unknown god.
  1845 | D:3      | Reached skill level 6 in Polearms
  1845 | D:3      | Reached XP level 5. HP: 42/42 MP: 5/5
  1938 | D:3      | Found a bloodstained altar of Trog.
  1958 | D:3      | Found a blossoming altar of Fedhas.
  1962 | D:3      | Reached *** piety under Trog
  2204 | D:3      | Found a shadowy altar of Dithmenos.
  2482 | D:4      | Found a sacrificial altar of Ru.
  2498 | D:4      | Reached skill level 7 in Polearms
  2498 | D:4      | Reached XP level 6. HP: 39/49 MP: 6/6
  2757 | D:4      | Found a broken altar of Ashenzari.
  2900 | D:4      | Reached XP level 7. HP: 50/55 MP: 7/7
  2990 | D:4      | Reached skill level 5 in Fighting
  3062 | D:4      | Reached skill level 8 in Polearms
  3063 | D:4      | Found a snail-covered altar of Cheibriados.
  3290 | D:5      | Entered Level 5 of the Dungeon
  3290 | D:5      | Found an ancient bone altar of Kikubaaqudgha.
  3458 | D:5      | Found a staircase to the Ecumenical Temple.
  3700 | D:5      | Identified the +3 scimitar "Coufung" {vorpal, rN+ Will-
                  | Int+6 Dex-3}
  3837 | D:5      | Reached skill level 9 in Polearms
  3910 | D:5      | Reached XP level 8. HP: 64/64 MP: 8/8
  4408 | D:6      | Identified a scroll of acquirement
  4408 | D:6      | Acquired the +4 bardiche of Ulyh {freeze, rElec rPois rF-
                  | Dex+2}
  4446 | D:6      | Reached skill level 10 in Polearms
  4563 | D:6      | Found Ecamn's Antique Armour Shoppe.
  4604 | D:6      | Bought a shiny chain mail for 232 gold pieces
  4900 | D:6      | Reached skill level 11 in Polearms
  5043 | D:6      | Reached XP level 9. HP: 69/69 MP: 9/9
  5164 | D:6      | Found a shimmering blue altar of Sif Muna.
  5328 | D:7      | Reached skill level 12 in Polearms
  5345 | D:7      | Reached **** piety under Trog
  5354 | D:7      | Reached skill level 5 in Armour
  5457 | D:7      | Identified the +7 dagger "Demonslayer" {freeze, rPois
                  | Dex+2}
  5529 | D:7      | Found a transporter.
  5537 | D:7      | Noticed purpskrrrp's ghost (novice DgCj)
  5545 | D:7      | Noticed a cyclops
  5550 | D:7      | Noticed a deep elf pyromancer
  5696 | D:7      | Found a transporter.
  5770 | D:7      | Found a hide-covered altar of Uskayaw.
  5773 | D:7      | Found an ornate altar of the Wu Jian Council.
  5783 | D:7      | Found a stormy altar of Qazlal.
  5786 | D:7      | Found a sparkling altar of Nemelex Xobeh.
  6010 | D:7      | Reached skill level 13 in Polearms
  6512 | D:8      | Reached skill level 14 in Polearms
  6568 | D:8      | Reached XP level 10. HP: 64/76 MP: 10/10
  6607 | D:8      | Found Beymp's Changing Room.
  6615 | D:8      | Bought a potion of mutation for 120 gold pieces
  6910 | D:8      | Noticed Gastronok
  6924 | D:8      | Killed Gastronok
  6925 | D:8      | Reached skill level 15 in Polearms
  7158 | D:8      | Reached ***** piety under Trog
  7411 | D:9      | Found Nadois's Jewellery Boutique.
  7447 | D:9      | Reached skill level 16 in Polearms
  7583 | D:9      | Reached skill level 17 in Polearms
  7620 | D:9      | Reached XP level 11. HP: 45/81 MP: 11/11
  7623 | D:9      | Received a gift from Trog
  7629 | D:9      | Reached skill level 18 in Polearms
  7948 | D:9      | Reached skill level 19 in Polearms
  8043 | D:9      | Found a staircase to the Orcish Mines.
  8238 | D:9      | Noticed an ice dragon
  8278 | D:9      | Noticed a frost giant
  8486 | D:9      | Noticed Maggie
  8486 | D:9      | Noticed a two-headed ogre
  8509 | D:9      | Killed a two-headed ogre
  8523 | D:9      | Killed Maggie
  8633 | D:9      | Reached skill level 20 in Polearms
  8661 | D:9      | Found a shimmering altar of Xom.
  8661 | D:9      | Found a shimmering altar of Xom.
  8661 | D:9      | Found a shimmering altar of Xom.
  8663 | D:9      | Found a shimmering altar of Xom.
  8798 | D:9      | Killed a frost giant
  8895 | D:9      | Identified the +7 chain mail of Greater Demons {rPois}
  8994 | D:9      | Killed an ice dragon
  9170 | D:10     | Entered Level 10 of the Dungeon
  9406 | D:10     | Reached skill level 21 in Polearms
  9582 | D:10     | Reached XP level 12. HP: 87/88 MP: 12/12
  9678 | D:9      | Noticed Pikel
  9695 | D:9      | Killed Pikel
  9850 | D:10     | Noticed a four-headed hydra
  9861 | D:10     | Killed a four-headed hydra
 10315 | D:11     | Received a gift from Trog
 10590 | D:11     | Noticed a boulder beetle
 10603 | D:11     | Killed a boulder beetle
 10604 | D:11     | Reached skill level 5 in Dodging
 10735 | D:11     | Found a staircase to the Lair.
 10788 | D:11     | Noticed Lodul
 10793 | D:11     | HP: 6/139 [ogre/+0 giant club[Lodul] (12)]
 10793 | D:11     | Slain by a troll

Illustrated notes

Levels and vault maps discovered:
D:1:      lightli_arrival_windingriver, layout_loops_corners,
          minmay_tetromino_l4
D:2:      layout_loops_ring, shapermc_ecumenical_altar_pompeii,
          amethyst_killhole
D:3:      layout_rooms, mainiacjoe_overflow_cross_hatched,
          trog_three_pillars_becter, lemuel_round_altar, st_stairs_13
D:4:      layout_loops_ring, nicolae_ru_awakened_eye, marbit_many_paths,
          lemuel_coloured_pillars_altar, nicolae_zen_rock_garden,
          eino_small_chamber_without_monster
D:5:      layout_basic, mainiacjoe_overflow_boulevard, minmay_temple_entry_hall,
          supply_closet_lemuel
D:6:      layout_loops_cross, lemuel_blue_sif_altar, serial_shops, shop
D:7:      layout_cave_pods, grunt_temple_overflow_cloverleaf, nzn_ghost_randoct,
          nicolae_elevator_lobby_plus
D:8:      layout_loops_corners, nicolae_transmutations_shop,
          hangedman_abyss_or_decor_slice, uniq_gastronok
D:9:      minmay_twisted_water, layout_layer_cave, xom_redecorated,
          minmay_orc_entry_temple_small, serial_shops, nicolae_square_shop,
          serial_rivers, chequers_serial_rivers_small_b,
          chequers_serial_rivers_micro_b, chequers_serial_rivers_micro_d,
          chequers_serial_rivers_large_a, chequers_serial_rivers_small_a,
          uniq_maggie, uniq_pikel
D:10:     layout_basic
D:11:     layout_stronghold, grunt_lair_entry_orc_guard_hut,
          gammafunk_ghost_grave, serial_column_ruins, column_ruins_hut_ruined,
          column_ruins_hut, column_ruins_open_small,
          column_ruins_columns_dead_end, column_ruins_corridor_corner,
          column_ruins_open_small_water, kennysheep_generic_room_16, uniq_lodul

Skill      XL: |  1  2  3  4  5  6  7  8  9 10 11 12 |
---------------+-------------------------------------+-----
Polearms       | 5 6 7 9 11 14 17 21 | 21.5
Armour         | 2 3 4 5 6 |  6.0
Fighting       | 4 5 6 8 |  8.2
Dodging        | 5 |  5.4

Action                   |  1- 3 |  4- 6 |  7- 9 | 10-12 || total
-------------------------+-------+-------+-------+-------++-------
Melee: Spear             |   140 |    39 |       |       ||   179
       Trident           |       |    54 |       |     7 ||    61
       Halberd           |       |    65 |   247 |   130 ||   442
       Tailslap          |       |     2 |       |    25 ||    27
       Bardiche          |       |       |     4 |   175 ||   179
       Glaive            |       |       |       |   145 ||   145
Throw: Javelin           |       |     3 |       |       ||     3
       Stone             |       |       |     2 |     2 ||     4
Invok: Trog's Hand       |       |     2 |     2 |     4 ||     8
       Berserk           |       |     3 |     5 |    10 ||    18
  Use: Scroll            |       |    14 |     3 |     9 ||    26
       Potion            |       |       |       |     2 ||     2
Armor: Animal skin       |     3 |       |       |       ||     3
       Ring mail         |    21 |     5 |       |       ||    26
       Chain mail        |       |    61 |   116 |   160 ||   337
Dodge: Dodged            |    47 |    52 |    70 |   142 ||   311

Table legend: (Time is in decaauts)
 A = Elapsed time spent in this place.
 B = Non-inter-level travel time spent in this place.
 C = Inter-level travel time spent in this place.
 D = Time resting spent in this place.
 E = Time spent auto-exploring this place.
 F = Levels seen in this place.
 G = Mean time per level.
                   A        B        C        D        E       F      G
               +--------+--------+--------+--------+--------+-----+--------+
         Total |  10640 |  10314 |    326 |   1155 |   7349 |  11 |  967.3 |
       Dungeon |  10640 |  10314 |    326 |   1155 |   7349 |  11 |  967.3 |
               +--------+--------+--------+--------+--------+-----+--------+

Top non-repeatable levels by time:
     D:9: 1793 daAuts
     D:7: 1141 daAuts
     D:5: 1125 daAuts
     D:8: 1071 daAuts
     D:4: 1009 daAuts
     D:1: 952 daAuts
    D:10: 813 daAuts
     D:6: 792 daAuts
     D:2: 755 daAuts
    D:11: 608 daAuts
     D:3: 579 daAuts
